 Dungeon Sprint DCSS version 0.17-a0-1637-g5d65775 (webtiles) character file.

1141 nuthulu the Fighter (level 8, 0/64 HPs)
             Began as a Gargoyle Fighter on Aug 7, 2015.
             Was an Initiate of Okawaru.
             Killed from afar by Erica (11 damage)
             ... with an orb of energy
             ... in the Dungeon (Sprint III: "The Ten Rune Challenge").
             The game lasted 00:03:21 (873 turns).

nuthulu the Fighter (Gargoyle Fighter)               Turns: 873, Time: 00:03:21

Health: 0/64       AC: 12    Str: 21    XL:     8   Next: 37%
Magic:  8/8        EV:  7    Int:  8    God:    Okawaru [......]
Gold:   48         SH:  9    Dex: 11    Spells: 0 memorised, 7 levels left

rFire  . . .     SeeInvis .     a - +0 flail
rCold  . . .     Clarity  .     b - +0 scale mail
rNeg   + . .     SustAt   .     c - +0 shield
rPois  ∞         Gourm    .     (no helmet)
rElec  +         Spirit   .     (no cloak)
rCorr  .         Warding  .     (no gloves)
rMut   .         NoTele   +     (no boots)
MR     .....                    (no amulet)
Stlth  ..........               (no ring)
                                (no ring)

@: flying, not resistant to hostile enchantments, extremely unstealthy
A: talons 1, blink 1, negative energy resistance 1, regeneration 1, electricity
resistance, unbreathing, petrification resistance, rot immunity, AC +5
a: Blink, Renounce Religion


You were in the Dungeon.
You worshipped Okawaru.
Okawaru was noncommittal.
You were not hungry.

You visited 1 branch You collected 48 gold pieces.

Inventory:

Hand weapons
 a - a +0 flail (weapon)
Armour
 b - a +0 scale mail (worn)
 c - a +0 shield (worn)
Scrolls
 k - a scroll of blinking
 m - a scroll of immolation
 o - a scroll of enchant armour {unknown}
 r - a scroll of fear {unknown}
 s - a scroll of random uselessness {unknown}
Potions
 i - 2 potions of magic
 l - a potion of brilliance {unknown}
 p - 3 potions of cure mutation
 q - a potion of flight
Comestibles
 e - 2 bread rations
 t - 2 fruits


   Skills:
 + Level 13.7 Fighting
 + Level 12.6 Maces & Flails
 - Level 3.2 Armour
 - Level 3.2 Shields


You had 7 spell levels left.
You didn't know any spells.

Dungeon Overview and Level Annotations

Branches:
Dungeon (1/1)

Altars:
Cheibriados
Dithmenos
Elyvilon
Fedhas
Gozag
Kikubaaqudgha
Makhleb
Nemelex Xobeh
Okawaru
Qazlal
Ru
Sif Muna
Trog
Vehumet
Xom
Yredelemnul
Zin
The Shining One
Jiyva
Lugonu

Annotations:
D Erica


Innate Abilities, Weirdness & Mutations

You are resistant to torment.
Your stone body is resilient (AC +5).
You are immune to poison.
You resist negative energy.
You are resistant to electric shocks.
You can survive without breathing.
You are immune to petrification.
You are immune to rotting.
You have sharp toenails.
You can translocate small distances at will.
Your natural rate of healing is unusually fast.


Message History

You hit something. You claw something. Something completely misses you.
You sock something!
You hear some strange, mumbled words.
Something tries to affect you, but you resist.
You hit something. Something hits you. Something burns you.
You hit something. You barely miss something. You claw something.
You hear a splashing noise.
You closely miss something. You claw something.
You hear some strange, mumbled words.
An orb of energy appears from out of thin air!
The orb of energy hits you!
* * * LOW HITPOINT WARNING * * *
The orb of energy explodes!
You hit something. Something hits you but does no damage.
You completely miss something. Your kick misses something.
You hear some strange, mumbled words.
An orb of energy appears from out of thin air!
The orb of energy hits you!
You die...

##.############
#..#___#__[#__#
#..#)..#...#._#
#..###'#'###)##
#..#..........#
...+.⌠........#
...#...######'#
...#.⌠.#__#...#+#####
...#...#__#...#.@{§§+
...#)###__#...#§#§≈§#
...#.:.#__#...'.#§§§#
...#___#_.'...#.#§§§#
▓▓▓▓▓▓▓▓▓▓▓▓▓▓▓▓▓▓▓▓▓


There were no monsters in sight!

Vanquished Creatures
  A deep elf priest (D)
  A shadow (D)
  A spatial vortex (D)
  A necrophage (D)
  A water elemental (D)
  A scorpion (D)
  A wizard (D)
  A jelly (D)
  Jessica (D)
  A necromancer (D)
  3 humans (D)
  A kobold demonologist (D)
  2 rats (D)
16 creatures vanquished.

Vanquished Creatures (others)
  2 draconian scorchers (D)
  2 yaktaurs (D)
  2 fire drakes (D)
  4 plants (D)
10 creatures vanquished.

Grand Total: 26 creatures vanquished

Notes
Turn   | Place    | Note
--------------------------------------------------------------
     0 | D        | nuthulu the Gargoyle Fighter began the quest for the Orb.
     0 | D        | Reached XP level 1. HP: 14/14 MP: 1/1
    41 | D        | Killed a yaktaur
    45 | D        | Noticed Jessica
    51 | D        | Killed Jessica
    51 | D        | Reached skill level 5 in Fighting
    51 | D        | Reached XP level 2. HP: 18/21 MP: 2/2
    51 | D        | Reached XP level 3. HP: 22/26 MP: 3/3
    80 | D        | Killed a fire drake
   106 | D        | Killed a fire drake
   121 | D        | Reached skill level 6 in Fighting
   121 | D        | Reached skill level 5 in Maces & Flails
   147 | D        | Killed a white draconian scorcher
   169 | D        | Killed a white draconian scorcher
   173 | D        | Noticed a scorpion
   180 | D        | Killed a scorpion
   180 | D        | Reached skill level 7 in Fighting
   180 | D        | Reached XP level 4. HP: 25/34 MP: 4/4
   243 | D        | Killed a yaktaur
   269 | D        | Gained mutation: You have sharp toenails. [potion of mutation]
   269 | D        | Gained mutation: Your natural rate of healing is unusually fast. [potion of mutation]
   269 | D        | Gained mutation: You are weak. (Str -2) [potion of mutation]
   270 | D        | Gained mutation: You can translocate small distances at will. [potion of mutation]
   270 | D        | Lost mutation: You are weak. (Str -2) [potion of mutation]
   276 | D        | Noticed a water elemental
   283 | D        | Killed a water elemental
   283 | D        | Reached skill level 8 in Fighting
   283 | D        | Reached XP level 5. HP: 21/40 MP: 5/5
   339 | D        | Found a glowing silver altar of Zin.
   341 | D        | Found a glowing golden altar of the Shining One.
   341 | D        | Found a white marble altar of Elyvilon.
   341 | D        | Noticed a deep elf priest
   353 | D        | Killed a deep elf priest
   353 | D        | Reached skill level 11 in Fighting
   353 | D        | Reached skill level 10 in Maces & Flails
   353 | D        | Reached XP level 6. HP: 23/49 MP: 6/6
   443 | D        | Found an iron altar of Okawaru.
   443 | D        | Found a bloodstained altar of Trog.
   443 | D        | Noticed a human
   443 | D        | Noticed a human
   462 | D        | Killed a human
   462 | D        | Reached XP level 7. HP: 37/55 MP: 7/7
   469 | D        | Killed a human
   469 | D        | Reached skill level 12 in Fighting
   545 | D        | Became a worshipper of Warmaster Okawaru
   554 | D        | Found a radiant altar of Vehumet.
   554 | D        | Found a deep blue altar of Sif Muna.
   554 | D        | Found an ancient bone altar of Kikubaaqudgha.
   554 | D        | Noticed a wizard
   560 | D        | Noticed a hellwing
   562 | D        | Killed a wizard
   566 | D        | Noticed a red devil
   569 | D        | Noticed an orange demon
   583 | D        | Killed a red devil
   705 | D        | Found a basalt altar of Yredelemnul.
   705 | D        | Found a snail-covered altar of Cheibriados.
   705 | D        | Found a blossoming altar of Fedhas.
   705 | D        | Noticed a necrophage
   705 | D        | Noticed a necromancer
   708 | D        | Killed a necromancer
   714 | D        | Killed a necrophage
   714 | D        | Reached skill level 13 in Fighting
   734 | D        | Noticed a jelly
   735 | D        | Noticed a shadow
   742 | D        | Killed a shadow
   742 | D        | Reached XP level 8. HP: 63/63 MP: 8/8
   746 | D        | Killed a jelly
   783 | D        | Found a stormy altar of Qazlal.
   784 | D        | Found a sacrificial altar of Ru.
   784 | D        | Found a burning altar of Makhleb.
   784 | D        | Found a viscous altar of Jiyva.
   784 | D        | Found a shimmering altar of Xom.
   784 | D        | Found a shadowy altar of Dithmenos.
   784 | D        | Found a sparkling altar of Nemelex Xobeh.
   784 | D        | Found a corrupted altar of Lugonu.
   784 | D        | Found an opulent altar of Gozag.
   784 | D        | Noticed a spatial vortex
   797 | D        | Killed a spatial vortex
   842 | D        | Noticed Erica
   873 | D        | Killed from afar by Erica

Vault maps used:
D:        dungeon_sprint_mu

Action                   |  1- 3 |  4- 6 |  7- 9 || total
-------------------------+-------+-------+-------++-------
Melee: Flail             |    19 |    27 |    82 ||   128
  Use: Potion            |     1 |     5 |     3 ||     9
       Scroll            |       |     2 |       ||     2
  Eat: Fruit             |       |       |     1 ||     1
       Royal jelly       |       |       |     1 ||     1
